[ AOE2 MATCH · #476636499 ]
UnrankedMapuche vs Byzantines
[ REPLAY ANALYSIS · EXTRACTED FROM THE RECORDED GAME ]
Feudal
11:39
Castle
15:15
Imperial
29:58
| APM avg | 23.7 |
| APM peak | 49 |
| eAPM avg | 15.6 |
| Villagers / military | 127 / 29 |
Focus
⚔️ 18.8% · 🌾 81.2%
Skirmisher ×24 · Bolas Rider ×3 · Monk ×1 · Trebuchet (Packed) ×1
Feudal
12:18
Castle
29:53
Imperial
—
| APM avg | 38.8 |
| APM peak | 82 |
| eAPM avg | 27.3 |
| Villagers / military | 208 / 0 |
Focus
⚔️ 23.1% · 🌾 76.9%
Feudal
12:34
Castle
16:27
Imperial
30:22
| APM avg | 23.2 |
| APM peak | 40 |
| eAPM avg | 15.8 |
| Villagers / military | 152 / 112 |
Focus
⚔️ 15.2% · 🌾 84.8%
Battle Elephant ×110 · Trade Cart ×5 · Monk ×1 · Trebuchet (Packed) ×1
Feudal
10:30
Castle
15:14
Imperial
38:59
| APM avg | 29.5 |
| APM peak | 70 |
| eAPM avg | 19.1 |
| Villagers / military | 159 / 87 |
Focus
⚔️ 19.3% · 🌾 80.7%
Gbeto ×46 · Scout Cavalry ×39 · Bombard Cannon ×2
Feudal
9:29
Castle
—
Imperial
—
| APM avg | 18.5 |
| APM peak | 65 |
| eAPM avg | 10.8 |
| Villagers / military | 27 / 16 |
Focus
⚔️ 32.3% · 🌾 67.7%
Battering Ram ×16
Feudal
10:44
Castle
14:39
Imperial
28:54
| APM avg | 16.8 |
| APM peak | 44 |
| eAPM avg | 12.3 |
| Villagers / military | 111 / 182 |
Focus
⚔️ 28.5% · 🌾 71.5%
Spearman ×173 · Mangonel ×4 · Bombard Cannon ×4 · Monk ×1
Feudal
11:05
Castle
14:45
Imperial
—
| APM avg | 20.1 |
| APM peak | 74 |
| eAPM avg | 12.8 |
| Villagers / military | 111 / 13 |
Focus
⚔️ 21.1% · 🌾 78.9%
Mangudai ×12 · Monk ×1
Feudal
11:15
Castle
15:34
Imperial
29:49
| APM avg | 29.6 |
| APM peak | 66 |
| eAPM avg | 22.0 |
| Villagers / military | 149 / 286 |
Focus
⚔️ 25.4% · 🌾 74.6%
Scout Cavalry ×265 · Spearman ×20 · Monk ×1
Match map
Initial resources + every placement click. Lines = walls · curves = elevation contours. ◆ gold · ⬟ stone · ● berries · ✦ relic · ◌ wall gap
Your base· Open — opponent sealed themselves in
MZTK | Dazkarich's base· ✓ Closed at 29:53 · 70t walls · no gate
da.mighty.sloth's base· Open — opponent sealed themselves in
Macielinho's base· ✓ Closed at 15:14 · 5t walls · no gate
Der Genosse's base· Open — opponent sealed themselves in
iann254's base· ✓ Closed at 14:39 · 0t walls · no gate
Andoras's base· Open — opponent sealed themselves in
Aze's base· ✓ Closed at 15:34 · 18t walls · no gate
Smoothed initial terrain · ◌ = detected wall gap · hover for details
Inputs per minute
— Gavagai - - MZTK | Dazkarich
Build order — Gavagai
First 150 of 309 actions detected
| 0:03 | Create | Villager (Male) |
| 0:03 | Create | Villager (Male) |
| 0:03 | Create | Villager (Male) |
| 0:04 | Build | House |
| 0:06 | Build | House |
| 0:16 | Create | Villager (Male) |
| 1:29 | Create | Villager (Male) |
| 1:52 | Build | Settlement |
| 2:05 | Create | Villager (Male) |
| 2:26 | Create | Villager (Male) |
| 2:54 | Create | Villager (Male) |
| 3:35 | Create | Villager (Male) |
| 3:51 | Create | Villager (Male) |
| 4:18 | Build | Settlement |
| 4:29 | Create | Villager (Male) |
| 4:32 | Create | Villager (Male) |
| 5:08 | Create | Villager (Male) |
| 5:09 | Create | Villager (Male) |
| 5:36 | Create | Villager (Male) |
| 5:49 | Create | Villager (Male) |
| 5:58 | Create | Villager (Male) |
| 6:46 | Create | Villager (Male) |
| 6:51 | Create | Villager (Male) |
| 7:16 | Create | Villager (Male) |
| 7:30 | Create | Villager (Male) |
| 7:31 | Create | Villager (Male) |
| 7:38 | Build | Settlement |
| 9:09 | Build | Settlement |
| 9:16 | Research | Feudal Age |
| 10:28 | Build | Settlement |
| 11:11 | Create | Villager (Male) |
| 11:11 | Create | Villager (Male) |
| 11:39 | Age | Feudal Age |
| 11:42 | Build | Market |
| 11:43 | Build | Blacksmith |
| 12:07 | Research | Double-Bit Axe |
| 12:35 | Research | Castle Age |
| 13:29 | Research | Horse Collar |
| 15:15 | Age | Castle Age |
| 15:28 | Create | Villager (Male) |
| 15:34 | Build | Town Center |
| 15:35 | Create | Villager (Male) |
| 15:37 | Build | Town Center |
| 15:41 | Build | Town Center |
| 15:55 | Create | Villager (Male) |
| 16:00 | Create | Skirmisher |
| 16:01 | Research | Bow Saw |
| 16:01 | Research | Bow Saw |
| 16:27 | Create | Villager (Male) |
| 17:02 | Create | Villager (Male) |
| 17:04 | Build | Farm |
| 17:04 | Build | Farm |
| 17:09 | Build | Farm |
| 17:10 | Build | Farm |
| 17:11 | Build | Farm |
| 17:12 | Build | Farm |
| 17:13 | Create | Villager (Male) |
| 17:14 | Build | Farm |
| 17:16 | Create | Villager (Male) |
| 17:18 | Build | Farm |
| 17:20 | Build | Farm |
| 17:21 | Create | Villager (Male) |
| 17:22 | Build | Farm |
| 17:23 | Create | Villager (Male) |
| 17:28 | Build | Farm |
| 17:29 | Build | Farm |
| 17:32 | Build | Farm |
| 17:42 | Create | Villager (Male) |
| 17:44 | Build | Farm |
| 17:46 | Create | Villager (Male) |
| 17:47 | Create | Villager (Male) |
| 17:58 | Build | Farm |
| 17:58 | Build | Farm |
| 18:05 | Build | Farm |
| 18:06 | Create | Villager (Male) |
| 18:16 | Build | Farm |
| 18:17 | Create | Villager (Male) |
| 18:17 | Create | Villager (Male) |
| 18:25 | Create | Villager (Male) |
| 18:27 | Build | Farm |
| 18:38 | Create | Villager (Male) |
| 18:40 | Build | Farm |
| 18:41 | Build | Farm |
| 18:58 | Create | Villager (Male) |
| 19:00 | Create | Villager (Male) |
| 19:04 | Build | Farm |
| 19:05 | Build | Farm |
| 19:06 | Create | Villager (Male) |
| 19:08 | Create | Villager (Male) |
| 19:10 | Build | Farm |
| 19:15 | Build | House |
| 19:16 | Build | House |
| 19:20 | Create | Villager (Male) |
| 19:23 | Build | Farm |
| 19:27 | Create | Villager (Male) |
| 19:28 | Create | Villager (Male) |
| 19:30 | Build | Farm |
| 19:35 | Build | Farm |
| 19:37 | Create | Villager (Male) |
| 19:40 | Create | Villager (Male) |
| 19:41 | Create | Villager (Male) |
| 19:42 | Build | House |
| 19:51 | Create | Villager (Male) |
| 19:58 | Build | Farm |
| 19:59 | Build | Farm |
| 20:02 | Build | Farm |
| 20:05 | Create | Villager (Male) |
| 20:07 | Create | Villager (Male) |
| 20:07 | Create | Villager (Male) |
| 20:13 | Build | Farm |
| 20:20 | Create | Villager (Male) |
| 20:26 | Create | Villager (Male) |
| 20:28 | Create | Villager (Male) |
| 20:34 | Create | Villager (Male) |
| 20:36 | Build | Farm |
| 20:37 | Build | Farm |
| 20:38 | Create | Villager (Male) |
| 20:40 | Build | Farm |
| 20:41 | Create | Villager (Male) |
| 20:50 | Create | Villager (Male) |
| 20:52 | Build | House |
| 20:52 | Build | House |
| 20:57 | Create | Villager (Male) |
| 21:00 | Build | Farm |
| 21:02 | Build | Farm |
| 21:05 | Create | Villager (Male) |
| 21:24 | Build | Settlement |
| 21:25 | Create | Villager (Male) |
| 21:28 | Create | Villager (Male) |
| 21:33 | Create | Villager (Male) |
| 21:35 | Research | Wheelbarrow |
| 21:40 | Create | Villager (Male) |
| 21:42 | Build | Farm |
| 21:43 | Create | Villager (Male) |
| 21:54 | Build | Farm |
| 21:55 | Create | Villager (Male) |
| 22:01 | Build | Farm |
| 22:04 | Create | Villager (Male) |
| 22:08 | Build | Farm |
| 22:09 | Create | Villager (Male) |
| 22:16 | Create | Villager (Male) |
| 22:19 | Create | Villager (Male) |
| 22:24 | Research | Stone Mining |
| 22:25 | Research | Gold Mining |
| 22:27 | Create | Villager (Male) |
| 22:40 | Build | Gate |
| 22:42 | Build | Stone Wall |
| 22:53 | Research | Loom |
| 22:55 | Build | Stone Wall |
| 22:57 | Build | Stone Wall |
Build order — MZTK | Dazkarich
First 150 of 369 actions detected
| 0:01 | Create | Villager (Male) |
| 0:01 | Create | Villager (Male) |
| 0:02 | Create | Villager (Male) |
| 0:03 | Build | House |
| 0:04 | Build | House |
| 0:14 | Create | Villager (Male) |
| 0:14 | Create | Villager (Male) |
| 0:28 | Research | Loom |
| 0:48 | Create | Villager (Male) |
| 0:48 | Create | Villager (Male) |
| 0:48 | Create | Villager (Male) |
| 1:43 | Build | Palisade Wall |
| 1:47 | Create | Villager (Male) |
| 1:47 | Create | Villager (Male) |
| 1:56 | Build | Palisade Wall |
| 1:57 | Build | Palisade Wall |
| 2:29 | Create | Villager (Male) |
| 2:29 | Create | Villager (Male) |
| 2:38 | Build | House |
| 2:51 | Create | Villager (Male) |
| 2:52 | Create | Villager (Male) |
| 3:18 | Build | Palisade Wall |
| 3:20 | Build | Palisade Wall |
| 3:21 | Build | Palisade Wall |
| 3:28 | Create | Villager (Male) |
| 3:29 | Create | Villager (Male) |
| 3:39 | Build | Palisade Wall |
| 3:42 | Build | Palisade Wall |
| 3:43 | Build | Palisade Wall |
| 3:43 | Build | Palisade Wall |
| 3:44 | Build | Palisade Wall |
| 3:45 | Build | Palisade Wall |
| 3:45 | Build | Palisade Wall |
| 3:46 | Build | Palisade Wall |
| 3:47 | Build | Palisade Wall |
| 3:47 | Build | Palisade Wall |
| 3:48 | Create | Villager (Male) |
| 3:49 | Create | Villager (Male) |
| 4:14 | Create | Villager (Male) |
| 4:20 | Build | House |
| 4:40 | Build | Palisade Wall |
| 4:43 | Build | Palisade Wall |
| 4:51 | Create | Villager (Male) |
| 5:04 | Build | Palisade Wall |
| 5:15 | Create | Villager (Male) |
| 5:35 | Build | Lumber Camp |
| 5:42 | Create | Villager (Male) |
| 5:42 | Create | Villager (Male) |
| 5:42 | Create | Villager (Male) |
| 6:21 | Create | Villager (Male) |
| 6:48 | Create | Villager (Male) |
| 7:15 | Build | House |
| 7:18 | Create | Villager (Male) |
| 7:39 | Build | Mill |
| 7:48 | Create | Villager (Male) |
| 8:11 | Create | Villager (Male) |
| 8:33 | Build | Palisade Wall |
| 8:36 | Create | Villager (Male) |
| 9:43 | Create | Villager (Male) |
| 9:51 | Build | Palisade Wall |
| 9:54 | Research | Feudal Age |
| 9:57 | Build | House |
| 10:09 | Build | Mining Camp |
| 10:38 | Create | Villager (Male) |
| 10:47 | Build | Palisade Wall |
| 10:55 | Build | Palisade Wall |
| 11:18 | Build | Mill |
| 11:22 | Build | Mill |
| 11:36 | Build | Farm |
| 11:39 | Build | Farm |
| 12:18 | Age | Feudal Age |
| 12:20 | Build | Watch Tower |
| 12:21 | Create | Villager (Male) |
| 12:23 | Build | Blacksmith |
| 13:16 | Build | Stone Wall |
| 13:20 | Build | Stone Wall |
| 13:28 | Build | Stone Wall |
| 13:38 | Create | Villager (Male) |
| 13:43 | Create | Villager (Male) |
| 13:45 | Build | Farm |
| 13:46 | Build | Farm |
| 14:23 | Create | Villager (Male) |
| 14:33 | Build | House |
| 14:41 | Build | Watch Tower |
| 14:48 | Create | Villager (Male) |
| 15:01 | Create | Villager (Male) |
| 15:01 | Create | Villager (Male) |
| 15:28 | Create | Villager (Male) |
| 15:40 | Build | Lumber Camp |
| 15:45 | Build | Stone Wall |
| 15:52 | Build | Stone Wall |
| 15:52 | Build | Stone Wall |
| 16:00 | Create | Villager (Male) |
| 16:33 | Create | Villager (Male) |
| 16:38 | Build | House |
| 16:45 | Build | Farm |
| 16:48 | Build | Farm |
| 17:00 | Build | Farm |
| 17:04 | Build | House |
| 17:05 | Build | House |
| 17:21 | Create | Villager (Male) |
| 17:27 | Build | Farm |
| 17:33 | Create | Villager (Male) |
| 18:20 | Create | Villager (Male) |
| 18:32 | Create | Villager (Male) |
| 19:11 | Create | Villager (Male) |
| 19:14 | Build | Farm |
| 19:30 | Create | Villager (Male) |
| 19:31 | Create | Villager (Male) |
| 19:57 | Create | Villager (Male) |
| 20:11 | Create | Villager (Male) |
| 20:11 | Create | Villager (Male) |
| 20:11 | Create | Villager (Male) |
| 20:12 | Create | Villager (Male) |
| 20:12 | Create | Villager (Male) |
| 20:13 | Create | Villager (Male) |
| 20:46 | Build | Farm |
| 20:59 | Build | Farm |
| 22:10 | Create | Villager (Male) |
| 22:10 | Create | Villager (Male) |
| 22:42 | Build | Farm |
| 22:43 | Build | Farm |
| 22:44 | Create | Villager (Male) |
| 23:03 | Create | Villager (Male) |
| 23:07 | Build | Mining Camp |
| 23:21 | Build | Farm |
| 23:22 | Create | Villager (Male) |
| 23:34 | Build | Farm |
| 23:38 | Create | Villager (Male) |
| 23:51 | Create | Villager (Male) |
| 23:57 | Build | Farm |
| 24:22 | Create | Villager (Male) |
| 24:26 | Build | Farm |
| 24:37 | Create | Villager (Male) |
| 24:43 | Create | Villager (Male) |
| 24:58 | Create | Villager (Male) |
| 24:59 | Create | Villager (Male) |
| 24:59 | Create | Villager (Male) |
| 25:30 | Build | Market |
| 26:30 | Build | Farm |
| 26:33 | Create | Villager (Male) |
| 26:34 | Create | Villager (Male) |
| 26:39 | Build | House |
| 26:48 | Build | House |
| 27:13 | Research | Castle Age |
| 27:14 | Research | Castle Age |
| 27:53 | Create | Villager (Male) |
| 27:57 | Build | House |
| 28:14 | Create | Villager (Male) |
| 28:14 | Create | Villager (Male) |
Build order — da.mighty.sloth
First 150 of 375 actions detected
| 0:03 | Create | Villager (Male) |
| 0:03 | Create | Villager (Male) |
| 0:03 | Create | Villager (Male) |
| 0:04 | Create | Villager (Male) |
| 0:04 | Create | Villager (Male) |
| 0:05 | Build | House |
| 0:07 | Build | House |
| 0:39 | Research | Loom |
| 1:11 | Build | Palisade Wall |
| 1:16 | Build | Palisade Wall |
| 1:25 | Create | Villager (Male) |
| 1:36 | Build | Palisade Wall |
| 1:51 | Build | Palisade Wall |
| 1:53 | Create | Villager (Male) |
| 2:29 | Build | Lumber Camp |
| 2:31 | Create | Villager (Male) |
| 2:56 | Create | Villager (Male) |
| 3:25 | Create | Villager (Male) |
| 3:34 | Create | Villager (Male) |
| 4:06 | Create | Villager (Male) |
| 4:14 | Build | House |
| 4:37 | Create | Villager (Male) |
| 5:12 | Create | Villager (Male) |
| 5:41 | Build | Mill |
| 5:44 | Build | House |
| 5:49 | Create | Villager (Male) |
| 5:53 | Create | Villager (Male) |
| 6:23 | Create | Villager (Male) |
| 6:29 | Build | House |
| 6:59 | Create | Villager (Male) |
| 7:07 | Create | Villager (Male) |
| 7:17 | Create | Villager (Male) |
| 7:32 | Build | Mill |
| 7:53 | Create | Villager (Male) |
| 8:12 | Create | Villager (Male) |
| 8:26 | Build | Lumber Camp |
| 8:43 | Create | Villager (Male) |
| 8:48 | Create | Villager (Male) |
| 8:48 | Create | Villager (Male) |
| 9:30 | Create | Villager (Male) |
| 9:46 | Create | Villager (Male) |
| 9:59 | Create | Villager (Male) |
| 10:17 | Research | Feudal Age |
| 10:32 | Build | Mining Camp |
| 11:49 | Build | Mining Camp |
| 12:08 | Build | House |
| 12:34 | Age | Feudal Age |
| 12:37 | Build | Market |
| 12:41 | Build | Blacksmith |
| 12:46 | Build | Stone Wall |
| 12:57 | Create | Villager (Male) |
| 12:57 | Create | Villager (Male) |
| 13:42 | Research | Castle Age |
| 14:02 | Research | Double-Bit Axe |
| 14:38 | Research | Horse Collar |
| 14:47 | Build | Stone Wall |
| 14:52 | Build | Stone Wall |
| 14:54 | Build | Stone Wall |
| 14:55 | Build | Stone Wall |
| 15:00 | Create | Villager (Male) |
| 15:08 | Build | Farm |
| 15:09 | Build | Farm |
| 16:27 | Age | Castle Age |
| 16:31 | Build | Town Center |
| 16:37 | Build | Town Center |
| 16:47 | Build | House |
| 16:52 | Create | Villager (Male) |
| 16:59 | Build | Town Center |
| 17:18 | Research | Heavy Plow |
| 17:19 | Create | Villager (Male) |
| 17:21 | Research | Bow Saw |
| 17:33 | Build | Farm |
| 17:34 | Build | Farm |
| 17:42 | Create | Villager (Male) |
| 17:49 | Build | Farm |
| 17:53 | Build | Farm |
| 17:57 | Build | Farm |
| 17:58 | Create | Villager (Male) |
| 18:00 | Build | Farm |
| 18:02 | Create | Villager (Male) |
| 18:09 | Build | Farm |
| 18:14 | Build | Farm |
| 18:19 | Build | Farm |
| 18:26 | Create | Villager (Male) |
| 18:32 | Build | Farm |
| 18:35 | Build | Farm |
| 18:37 | Create | Villager (Male) |
| 18:45 | Create | Villager (Male) |
| 18:46 | Create | Villager (Male) |
| 18:50 | Build | Farm |
| 18:53 | Build | Farm |
| 19:06 | Build | Farm |
| 19:07 | Create | Villager (Male) |
| 19:08 | Create | Villager (Male) |
| 19:15 | Build | Farm |
| 19:25 | Build | Outpost |
| 19:27 | Create | Villager (Male) |
| 19:33 | Build | Farm |
| 19:35 | Create | Villager (Male) |
| 19:38 | Build | Farm |
| 19:43 | Build | Farm |
| 19:43 | Create | Villager (Male) |
| 19:53 | Build | Farm |
| 19:54 | Create | Villager (Male) |
| 20:02 | Build | Farm |
| 20:02 | Create | Villager (Male) |
| 20:09 | Create | Villager (Male) |
| 20:15 | Build | Farm |
| 20:17 | Create | Villager (Male) |
| 20:24 | Build | Farm |
| 20:28 | Build | House |
| 20:29 | Create | Villager (Male) |
| 20:34 | Build | House |
| 20:46 | Create | Villager (Male) |
| 20:50 | Build | House |
| 20:53 | Build | Farm |
| 20:54 | Build | Farm |
| 20:55 | Create | Villager (Male) |
| 20:55 | Create | Villager (Male) |
| 20:56 | Create | Villager (Male) |
| 20:59 | Build | Farm |
| 21:00 | Create | Villager (Male) |
| 21:04 | Build | Farm |
| 21:10 | Build | Stone Wall |
| 21:11 | Create | Villager (Male) |
| 21:12 | Create | Villager (Male) |
| 21:19 | Create | Villager (Male) |
| 21:25 | Build | Farm |
| 21:26 | Create | Villager (Male) |
| 21:28 | Build | Farm |
| 21:31 | Create | Villager (Male) |
| 21:34 | Build | Farm |
| 21:35 | Create | Villager (Male) |
| 21:39 | Create | Villager (Male) |
| 21:39 | Create | Villager (Male) |
| 21:51 | Create | Villager (Male) |
| 21:57 | Build | Farm |
| 21:59 | Build | Farm |
| 22:00 | Create | Villager (Male) |
| 22:01 | Create | Villager (Male) |
| 22:02 | Create | Villager (Male) |
| 22:05 | Build | Farm |
| 22:16 | Create | Villager (Male) |
| 22:17 | Create | Villager (Male) |
| 22:27 | Build | Town Center |
| 22:29 | Create | Villager (Male) |
| 22:29 | Create | Villager (Male) |
| 22:30 | Create | Villager (Male) |
| 22:36 | Create | Villager (Male) |
| 22:39 | Build | Farm |
Build order — Macielinho
First 150 of 456 actions detected
| 0:02 | Create | Villager (Male) |
| 0:02 | Create | Villager (Male) |
| 0:02 | Create | Villager (Male) |
| 0:03 | Create | Villager (Male) |
| 0:03 | Create | Villager (Male) |
| 0:04 | Build | House |
| 1:27 | Create | Villager (Male) |
| 1:47 | Build | House |
| 2:03 | Create | Villager (Male) |
| 2:03 | Create | Villager (Male) |
| 2:13 | Build | Lumber Camp |
| 2:46 | Create | Villager (Male) |
| 2:46 | Create | Villager (Male) |
| 2:46 | Create | Villager (Male) |
| 3:24 | Create | Villager (Male) |
| 3:40 | Create | Villager (Male) |
| 3:43 | Build | House |
| 4:08 | Create | Villager (Male) |
| 4:39 | Build | Mill |
| 5:00 | Create | Villager (Male) |
| 5:01 | Create | Villager (Male) |
| 5:05 | Create | Villager (Male) |
| 5:23 | Create | Villager (Male) |
| 5:43 | Create | Villager (Male) |
| 5:56 | Create | Villager (Male) |
| 5:56 | Create | Villager (Male) |
| 6:04 | Build | House |
| 6:29 | Create | Villager (Male) |
| 7:11 | Create | Villager (Male) |
| 7:45 | Build | Mining Camp |
| 8:14 | Research | Feudal Age |
| 9:21 | Create | Villager (Male) |
| 9:22 | Create | Villager (Male) |
| 10:30 | Age | Feudal Age |
| 10:32 | Build | Market |
| 10:35 | Build | Blacksmith |
| 10:53 | Build | Gate |
| 10:54 | Build | Stone Wall |
| 12:34 | Research | Castle Age |
| 12:34 | Research | Castle Age |
| 12:51 | Build | Mill |
| 13:00 | Build | House |
| 13:43 | Research | Double-Bit Axe |
| 13:55 | Research | Scale Mail Armor |
| 14:09 | Build | Mining Camp |
| 14:14 | Build | Farm |
| 14:42 | Build | Farm |
| 14:47 | Create | Villager (Male) |
| 14:48 | Research | Loom |
| 14:56 | Build | Farm |
| 15:09 | Build | Farm |
| 15:14 | Age | Castle Age |
| 15:18 | Build | Castle |
| 15:34 | Build | Farm |
| 15:41 | Create | Villager (Male) |
| 16:02 | Build | Farm |
| 16:09 | Create | Villager (Male) |
| 16:29 | Build | Farm |
| 16:30 | Create | Gbeto |
| 16:30 | Create | Gbeto |
| 16:42 | Create | Villager (Male) |
| 16:57 | Create | Gbeto |
| 16:59 | Create | Villager (Male) |
| 17:10 | Build | Farm |
| 17:11 | Create | Gbeto |
| 17:23 | Build | Farm |
| 17:29 | Create | Gbeto |
| 17:29 | Create | Gbeto |
| 17:53 | Create | Gbeto |
| 17:53 | Create | Gbeto |
| 18:09 | Create | Gbeto |
| 18:13 | Create | Villager (Male) |
| 18:13 | Create | Villager (Male) |
| 18:25 | Create | Gbeto |
| 18:25 | Create | Gbeto |
| 18:43 | Build | Farm |
| 18:43 | Build | Farm |
| 18:47 | Build | Farm |
| 18:50 | Build | Farm |
| 18:52 | Create | Villager (Male) |
| 18:56 | Create | Gbeto |
| 18:56 | Create | Gbeto |
| 19:11 | Create | Gbeto |
| 19:16 | Build | Farm |
| 19:21 | Create | Gbeto |
| 19:21 | Create | Gbeto |
| 19:31 | Create | Villager (Male) |
| 19:34 | Build | Farm |
| 19:36 | Create | Gbeto |
| 19:37 | Create | Gbeto |
| 19:48 | Create | Villager (Male) |
| 19:52 | Build | Farm |
| 20:04 | Create | Gbeto |
| 20:04 | Create | Gbeto |
| 20:14 | Build | Farm |
| 20:14 | Create | Gbeto |
| 20:15 | Create | Gbeto |
| 20:28 | Build | House |
| 20:32 | Create | Gbeto |
| 20:32 | Create | Gbeto |
| 20:40 | Create | Villager (Male) |
| 20:44 | Build | Farm |
| 20:52 | Create | Gbeto |
| 20:52 | Create | Gbeto |
| 21:01 | Build | House |
| 21:07 | Create | Villager (Male) |
| 21:07 | Create | Gbeto |
| 21:08 | Create | Gbeto |
| 21:15 | Create | Gbeto |
| 21:15 | Create | Gbeto |
| 21:20 | Build | Farm |
| 21:26 | Create | Villager (Male) |
| 21:38 | Create | Gbeto |
| 21:43 | Create | Gbeto |
| 21:43 | Create | Gbeto |
| 21:54 | Build | Farm |
| 21:58 | Create | Villager (Male) |
| 22:10 | Create | Gbeto |
| 22:18 | Create | Villager (Male) |
| 22:33 | Create | Gbeto |
| 22:34 | Create | Villager (Male) |
| 22:38 | Build | House |
| 22:38 | Build | House |
| 22:39 | Build | House |
| 22:58 | Create | Gbeto |
| 23:01 | Create | Gbeto |
| 23:24 | Create | Gbeto |
| 23:32 | Research | Chain Mail Armor |
| 23:32 | Research | Chain Mail Armor |
| 23:39 | Create | Gbeto |
| 23:43 | Build | Farm |
| 23:50 | Create | Gbeto |
| 23:50 | Create | Gbeto |
| 23:53 | Create | Villager (Male) |
| 23:53 | Create | Villager (Male) |
| 24:08 | Build | Town Center |
| 24:11 | Create | Villager (Male) |
| 24:13 | Create | Villager (Male) |
| 24:16 | Create | Gbeto |
| 24:17 | Create | Gbeto |
| 24:33 | Create | Gbeto |
| 24:37 | Create | Villager (Male) |
| 24:40 | Build | House |
| 24:40 | Build | House |
| 24:59 | Create | Villager (Male) |
| 25:13 | Research | Horse Collar |
| 25:13 | Research | Horse Collar |
| 25:31 | Create | Villager (Male) |
| 25:32 | Create | Villager (Male) |
| 25:33 | Create | Villager (Male) |
Build order — Der Genosse
75 actions detected in the replay
| 0:02 | Create | Villager (Male) |
| 0:02 | Create | Villager (Male) |
| 0:02 | Create | Villager (Male) |
| 0:02 | Create | Villager (Male) |
| 0:03 | Build | House |
| 0:05 | Build | House |
| 1:26 | Build | House |
| 1:38 | Create | Villager (Male) |
| 1:57 | Create | Villager (Male) |
| 1:57 | Create | Villager (Male) |
| 2:06 | Build | Lumber Camp |
| 2:36 | Create | Villager (Male) |
| 2:36 | Create | Villager (Male) |
| 3:01 | Create | Villager (Male) |
| 3:01 | Create | Villager (Male) |
| 3:30 | Create | Villager (Male) |
| 3:58 | Create | Villager (Male) |
| 3:58 | Create | Villager (Male) |
| 4:16 | Create | Villager (Male) |
| 4:34 | Create | Villager (Male) |
| 4:34 | Create | Villager (Male) |
| 5:00 | Create | Villager (Male) |
| 5:00 | Create | Villager (Male) |
| 5:01 | Create | Villager (Male) |
| 5:01 | Create | Villager (Male) |
| 6:09 | Create | Villager (Male) |
| 6:10 | Research | Loom |
| 6:18 | Build | Mining Camp |
| 7:18 | Build | Mining Camp |
| 7:19 | Research | Feudal Age |
| 9:29 | Age | Feudal Age |
| 9:38 | Build | Watch Tower |
| 9:45 | Build | Blacksmith |
| 9:48 | Create | Villager (Male) |
| 9:53 | Build | House |
| 10:28 | Build | Watch Tower |
| 10:34 | Research | Fletching |
| 11:01 | Build | Siege Workshop |
| 11:20 | Build | Watch Tower |
| 12:10 | Create | Battering Ram |
| 12:24 | Create | Villager (Male) |
| 13:23 | Create | Battering Ram |
| 14:25 | Build | Watch Tower |
| 14:28 | Create | Battering Ram |
| 14:28 | Create | Battering Ram |
| 14:59 | Build | Watch Tower |
| 15:47 | Build | Watch Tower |
| 15:51 | Create | Battering Ram |
| 16:26 | Build | Watch Tower |
| 16:53 | Create | Villager (Male) |
| 17:56 | Build | Watch Tower |
| 18:26 | Create | Battering Ram |
| 18:36 | Create | Villager (Male) |
| 19:48 | Create | Battering Ram |
| 21:25 | Create | Villager (Male) |
| 23:04 | Create | Battering Ram |
| 23:04 | Create | Battering Ram |
| 23:24 | Build | Watch Tower |
| 23:46 | Build | Watch Tower |
| 25:32 | Build | Siege Workshop |
| 26:19 | Create | Battering Ram |
| 26:19 | Create | Battering Ram |
| 26:57 | Build | Watch Tower |
| 27:07 | Build | Watch Tower |
| 27:28 | Create | Battering Ram |
| 27:29 | Create | Battering Ram |
| 28:44 | Build | Watch Tower |
| 28:57 | Create | Battering Ram |
| 28:57 | Create | Battering Ram |
| 29:57 | Build | Watch Tower |
| 30:20 | Build | Mining Camp |
| 30:44 | Build | Watch Tower |
| 30:55 | Build | Watch Tower |
| 30:58 | Build | Siege Workshop |
| 32:08 | Create | Battering Ram |
Build order — iann254
First 150 of 270 actions detected
| 0:01 | Create | Villager (Male) ×4 |
| 0:05 | Build | House |
| 0:09 | Build | House |
| 1:38 | Create | Villager (Male) |
| 2:02 | Create | Villager (Male) |
| 2:07 | Build | Lumber Camp |
| 2:29 | Create | Villager (Male) |
| 2:54 | Create | Villager (Male) |
| 3:04 | Build | House |
| 3:08 | Create | Villager (Male) |
| 3:36 | Create | Villager (Male) |
| 4:02 | Create | Villager (Male) |
| 4:26 | Build | Mill |
| 4:27 | Create | Villager (Male) |
| 5:09 | Create | Villager (Male) |
| 5:39 | Create | Villager (Male) |
| 5:39 | Create | Villager (Male) |
| 5:49 | Build | House |
| 5:57 | Create | Villager (Male) |
| 6:15 | Build | House |
| 6:18 | Create | Villager (Male) |
| 6:26 | Build | House |
| 6:31 | Build | House |
| 6:38 | Build | House |
| 6:40 | Build | House |
| 6:48 | Create | Villager (Male) |
| 7:09 | Build | Mill |
| 7:12 | Create | Villager (Male) ×5 |
| 8:05 | Build | Mining Camp |
| 8:28 | Research | Feudal Age |
| 10:43 | Create | Villager (Male) |
| 10:43 | Create | Villager (Male) |
| 10:44 | Age | Feudal Age |
| 10:49 | Build | Market |
| 10:59 | Build | Blacksmith |
| 11:28 | Research | Double-Bit Axe |
| 11:33 | Create | Villager (Male) |
| 11:58 | Research | Castle Age |
| 12:11 | Build | Farm |
| 12:38 | Build | Farm |
| 12:39 | Build | Farm |
| 12:44 | Build | Farm |
| 12:57 | Create | Villager (Male) |
| 12:57 | Create | Villager (Male) |
| 13:03 | Create | Villager (Male) |
| 13:32 | Build | Farm |
| 14:39 | Age | Castle Age |
| 14:43 | Build | Town Center |
| 14:45 | Create | Villager (Male) |
| 14:53 | Build | Town Center |
| 15:05 | Build | Farm |
| 15:09 | Build | Farm |
| 15:34 | Build | Farm |
| 15:56 | Build | House |
| 15:57 | Build | House |
| 15:59 | Build | House |
| 16:03 | Create | Villager (Male) |
| 16:26 | Create | Villager (Male) ×5 |
| 16:31 | Build | Farm |
| 16:36 | Build | Farm |
| 16:42 | Create | Villager (Male) ×5 |
| 16:55 | Build | Farm |
| 17:05 | Build | House |
| 17:06 | Build | House |
| 17:07 | Build | House |
| 17:07 | Build | House |
| 17:08 | Build | House |
| 17:08 | Build | House |
| 17:08 | Build | House |
| 17:08 | Build | House |
| 17:09 | Build | House |
| 17:11 | Create | Villager (Male) ×5 |
| 17:50 | Create | Villager (Male) ×5 |
| 18:11 | Build | Town Center |
| 18:16 | Create | Villager (Male) ×3 |
| 18:41 | Create | Villager (Male) ×2 |
| 18:43 | Build | Farm |
| 18:45 | Build | Farm |
| 18:46 | Build | Farm |
| 18:47 | Build | Farm |
| 18:52 | Create | Villager (Male) |
| 18:55 | Build | Farm |
| 18:56 | Build | Farm |
| 19:01 | Build | Farm |
| 19:03 | Create | Villager (Male) |
| 19:17 | Build | Farm |
| 19:23 | Build | House |
| 19:23 | Build | House |
| 19:24 | Build | House |
| 19:24 | Build | House |
| 19:25 | Build | House |
| 19:25 | Build | House |
| 19:27 | Create | Villager (Male) ×2 |
| 19:32 | Build | Farm |
| 19:40 | Build | Farm |
| 19:54 | Build | Farm |
| 19:58 | Build | Farm |
| 20:00 | Create | Villager (Male) ×3 |
| 20:04 | Build | Farm |
| 20:05 | Build | Farm |
| 20:09 | Build | Farm |
| 20:16 | Create | Villager (Male) ×2 |
| 20:24 | Create | Villager (Male) |
| 20:28 | Create | Villager (Male) |
| 20:31 | Build | Farm |
| 20:34 | Build | Farm |
| 20:39 | Build | Farm |
| 20:42 | Create | Villager (Male) |
| 20:44 | Build | Farm |
| 20:49 | Build | Farm |
| 20:53 | Build | Farm |
| 20:54 | Create | Villager (Male) ×2 |
| 20:57 | Build | Farm |
| 21:00 | Create | Villager (Male) |
| 21:02 | Build | Farm |
| 21:11 | Build | Farm |
| 21:12 | Create | Villager (Male) ×2 |
| 21:17 | Build | Farm |
| 21:18 | Create | Villager (Male) |
| 21:21 | Build | Farm |
| 21:23 | Create | Villager (Male) |
| 21:29 | Build | House |
| 21:30 | Build | House |
| 21:31 | Build | House |
| 21:32 | Build | House |
| 21:33 | Create | Villager (Male) ×3 |
| 21:56 | Create | Villager (Male) ×4 |
| 22:12 | Create | Villager (Male) ×3 |
| 22:17 | Build | Farm |
| 22:18 | Create | Villager (Male) |
| 22:23 | Build | Farm |
| 22:23 | Build | Farm |
| 22:23 | Build | Farm |
| 22:23 | Build | Farm |
| 22:24 | Build | Farm |
| 22:24 | Build | Farm |
| 22:24 | Build | Farm |
| 22:25 | Build | Farm |
| 22:25 | Build | Farm |
| 22:25 | Build | Farm |
| 22:51 | Build | Siege Workshop |
| 23:00 | Create | Villager (Male) ×5 |
| 23:19 | Build | Farm |
| 23:24 | Build | Mining Camp |
| 23:27 | Build | Farm |
| 23:28 | Build | Farm |
| 23:32 | Build | Farm |
| 23:33 | Build | Farm |
| 23:44 | Create | Villager (Male) ×5 |
| 24:03 | Build | Monastery |
Build order — Andoras
First 150 of 247 actions detected
| 0:01 | Create | Villager (Male) |
| 0:01 | Create | Villager (Male) |
| 0:03 | Build | House |
| 0:04 | Build | House |
| 0:10 | Create | Villager (Male) |
| 0:10 | Create | Villager (Male) |
| 1:54 | Create | Villager (Male) |
| 1:59 | Create | Villager (Male) |
| 2:31 | Create | Villager (Male) |
| 2:51 | Create | Villager (Male) |
| 3:08 | Build | Lumber Camp |
| 3:10 | Create | Villager (Male) |
| 3:34 | Build | House |
| 3:55 | Create | Villager (Male) |
| 4:45 | Create | Villager (Male) |
| 4:47 | Create | Villager (Male) |
| 4:55 | Create | Villager (Male) |
| 5:05 | Build | House |
| 5:34 | Build | Mill |
| 5:35 | Create | Villager (Male) |
| 5:42 | Create | Villager (Male) |
| 5:51 | Create | Villager (Male) |
| 6:09 | Create | Villager (Male) |
| 7:03 | Create | Villager (Male) |
| 7:21 | Create | Villager (Male) |
| 7:51 | Create | Villager (Male) |
| 8:31 | Research | Feudal Age |
| 8:34 | Build | Mining Camp |
| 9:02 | Create | Villager (Male) |
| 9:02 | Create | Villager (Male) |
| 11:05 | Age | Feudal Age |
| 11:08 | Build | Blacksmith |
| 11:11 | Build | Market |
| 11:20 | Build | House |
| 12:05 | Research | Castle Age |
| 12:07 | Research | Double-Bit Axe |
| 12:09 | Research | Horse Collar |
| 12:12 | Build | Farm |
| 14:21 | Create | Villager (Male) |
| 14:45 | Age | Castle Age |
| 14:47 | Build | Town Center |
| 15:02 | Create | Villager (Male) |
| 15:05 | Research | Bow Saw |
| 15:08 | Build | Town Center |
| 15:20 | Create | Villager (Male) |
| 15:24 | Research | Heavy Plow |
| 15:28 | Build | Farm |
| 15:40 | Build | Farm |
| 15:54 | Create | Villager (Male) |
| 15:58 | Build | House |
| 16:06 | Build | Farm |
| 16:12 | Create | Villager (Male) |
| 16:19 | Create | Villager (Male) |
| 16:21 | Build | Farm |
| 16:23 | Build | Farm |
| 16:27 | Create | Villager (Male) |
| 16:38 | Build | Farm |
| 16:40 | Build | House |
| 16:41 | Create | Villager (Male) |
| 16:45 | Create | Villager (Male) |
| 16:48 | Create | Villager (Male) |
| 16:54 | Create | Villager (Male) |
| 17:00 | Build | House |
| 17:01 | Create | Villager (Male) |
| 17:05 | Build | Farm |
| 17:08 | Build | Farm |
| 17:09 | Build | Farm |
| 17:21 | Create | Villager (Male) |
| 17:27 | Create | Villager (Male) |
| 17:31 | Build | Farm |
| 17:33 | Build | Farm |
| 17:35 | Build | Farm |
| 17:36 | Create | Villager (Male) |
| 17:41 | Build | Farm |
| 17:46 | Build | House |
| 17:57 | Create | Villager (Male) |
| 18:03 | Build | Farm |
| 18:04 | Build | Farm |
| 18:08 | Build | Farm |
| 18:09 | Create | Villager (Male) |
| 18:17 | Build | House |
| 18:22 | Build | Farm |
| 18:25 | Create | Villager (Male) |
| 18:29 | Build | Farm |
| 18:30 | Create | Villager (Male) |
| 18:39 | Build | Farm |
| 18:44 | Create | Villager (Male) |
| 18:50 | Build | House |
| 18:52 | Create | Villager (Male) |
| 19:00 | Create | Villager (Male) |
| 19:05 | Build | Farm |
| 19:06 | Build | Farm |
| 19:07 | Create | Villager (Male) |
| 19:15 | Build | Farm |
| 19:16 | Create | Villager (Male) |
| 19:24 | Create | Villager (Male) |
| 19:30 | Create | Villager (Male) |
| 19:32 | Build | House |
| 19:35 | Create | Villager (Male) |
| 19:38 | Research | Loom |
| 19:41 | Create | Villager (Male) |
| 19:55 | Build | Farm |
| 19:59 | Create | Villager (Male) |
| 20:02 | Build | Farm |
| 20:05 | Build | House |
| 20:14 | Create | Villager (Male) |
| 20:28 | Build | Gate |
| 20:32 | Build | Stone Wall |
| 20:34 | Create | Villager (Male) |
| 20:35 | Create | Villager (Male) |
| 20:36 | Create | Villager (Male) |
| 20:38 | Build | House |
| 20:41 | Create | Villager (Male) |
| 20:53 | Build | Farm |
| 21:00 | Create | Villager (Male) |
| 21:02 | Research | Wheelbarrow |
| 21:03 | Create | Villager (Male) |
| 21:12 | Create | Villager (Male) |
| 21:17 | Build | Gate |
| 21:19 | Build | Stone Wall |
| 21:26 | Create | Villager (Male) |
| 21:27 | Create | Villager (Male) |
| 21:37 | Create | Villager (Male) |
| 22:17 | Build | Castle |
| 22:24 | Create | Villager (Male) |
| 22:40 | Create | Villager (Male) |
| 22:42 | Research | Hand Cart |
| 22:52 | Create | Villager (Male) |
| 22:52 | Create | Villager (Male) |
| 22:53 | Create | Villager (Male) |
| 23:09 | Build | House |
| 23:25 | Build | Gate |
| 23:26 | Create | Villager (Male) |
| 23:29 | Create | Mangudai |
| 23:32 | Research | Fletching |
| 23:35 | Build | House |
| 23:40 | Build | University |
| 23:46 | Build | Barracks |
| 23:50 | Create | Villager (Male) |
| 23:56 | Create | Mangudai |
| 24:12 | Create | Villager (Male) |
| 24:17 | Build | Lumber Camp |
| 24:21 | Build | Stone Wall |
| 24:30 | Build | Farm |
| 24:30 | Build | Farm |
| 24:30 | Build | Farm |
| 24:30 | Build | Farm |
| 24:32 | Create | Villager (Male) |
| 24:34 | Create | Villager (Male) |
| 24:35 | Create | Mangudai |
Build order — Aze
First 150 of 451 actions detected
| 0:01 | Create | Villager (Male) ×4 |
| 0:03 | Build | House |
| 0:05 | Build | House |
| 0:09 | Research | Loom |
| 0:09 | Create | Villager (Male) |
| 0:09 | Create | Villager (Male) |
| 0:10 | Create | Villager (Male) |
| 0:44 | Build | Palisade Wall |
| 2:07 | Build | Lumber Camp |
| 2:14 | Create | Villager (Male) |
| 2:37 | Create | Villager (Male) |
| 2:59 | Create | Villager (Male) |
| 2:59 | Create | Villager (Male) |
| 3:28 | Create | Villager (Male) |
| 3:28 | Create | Villager (Male) |
| 3:57 | Create | Villager (Male) |
| 3:58 | Create | Villager (Male) |
| 4:26 | Create | Villager (Male) |
| 4:26 | Create | Villager (Male) |
| 4:38 | Build | House |
| 4:49 | Create | Villager (Male) |
| 5:09 | Build | Mill |
| 5:13 | Create | Villager (Male) |
| 5:30 | Create | Villager (Male) |
| 5:44 | Create | Villager (Male) |
| 5:45 | Create | Villager (Male) |
| 6:16 | Create | Villager (Male) |
| 6:23 | Build | House |
| 6:30 | Create | Villager (Male) |
| 6:31 | Create | Villager (Male) |
| 6:31 | Create | Villager (Male) |
| 7:04 | Create | Villager (Male) |
| 7:05 | Create | Villager (Male) |
| 7:44 | Build | Mill |
| 7:49 | Create | Villager (Male) |
| 7:49 | Create | Villager (Male) |
| 8:03 | Create | Villager (Male) |
| 8:44 | Build | Mining Camp |
| 9:05 | Research | Feudal Age |
| 9:05 | Research | Feudal Age |
| 10:11 | Create | Villager (Male) |
| 10:12 | Create | Villager (Male) |
| 11:15 | Age | Feudal Age |
| 11:19 | Build | Market |
| 11:23 | Build | Blacksmith |
| 11:32 | Build | Stone Wall |
| 11:34 | Build | Stone Wall |
| 12:54 | Research | Castle Age |
| 12:55 | Research | Castle Age |
| 13:20 | Create | Villager (Male) |
| 13:20 | Create | Villager (Male) |
| 13:27 | Research | Double-Bit Axe |
| 13:32 | Research | Horse Collar |
| 13:32 | Research | Horse Collar |
| 15:34 | Age | Castle Age |
| 15:36 | Build | Town Center |
| 15:38 | Create | Villager (Male) |
| 15:38 | Create | Villager (Male) |
| 15:50 | Build | Farm |
| 15:51 | Build | Farm |
| 15:52 | Build | Farm |
| 15:53 | Build | Farm |
| 15:58 | Build | Farm |
| 16:08 | Create | Villager (Male) |
| 16:17 | Build | Mining Camp |
| 16:22 | Create | Villager (Male) |
| 16:42 | Create | Villager (Male) |
| 17:02 | Create | Villager (Male) |
| 17:03 | Create | Villager (Male) |
| 17:08 | Create | Villager (Male) |
| 17:18 | Build | Farm |
| 17:19 | Build | Farm |
| 17:20 | Build | Farm |
| 17:27 | Build | Farm |
| 17:28 | Create | Villager (Male) |
| 17:35 | Create | Villager (Male) |
| 17:37 | Create | Villager (Male) |
| 17:57 | Build | Town Center |
| 18:03 | Create | Villager (Male) |
| 18:10 | Build | Farm |
| 18:12 | Build | Farm |
| 18:15 | Create | Villager (Male) |
| 18:21 | Create | Villager (Male) |
| 18:25 | Build | House |
| 18:26 | Build | House |
| 18:27 | Build | House |
| 18:28 | Build | House |
| 18:31 | Create | Villager (Male) |
| 18:38 | Build | Outpost |
| 18:40 | Create | Villager (Male) |
| 18:45 | Create | Villager (Male) |
| 18:48 | Build | Farm |
| 18:50 | Build | Farm |
| 18:51 | Create | Villager (Male) |
| 19:00 | Create | Villager (Male) |
| 19:05 | Create | Villager (Male) |
| 19:15 | Create | Villager (Male) |
| 19:22 | Create | Villager (Male) |
| 19:40 | Build | Farm |
| 19:44 | Build | Farm |
| 19:44 | Build | Farm |
| 19:45 | Build | Farm |
| 19:46 | Create | Villager (Male) |
| 19:52 | Create | Villager (Male) |
| 19:53 | Create | Villager (Male) |
| 19:54 | Create | Villager (Male) |
| 19:59 | Research | Bow Saw |
| 20:09 | Research | Town Watch |
| 20:10 | Create | Villager (Male) |
| 20:17 | Create | Villager (Male) |
| 20:22 | Create | Villager (Male) |
| 20:36 | Create | Villager (Male) |
| 20:36 | Create | Villager (Male) |
| 20:46 | Build | Mill |
| 20:51 | Build | Farm |
| 20:52 | Build | Farm |
| 20:53 | Build | Farm |
| 20:54 | Build | Farm |
| 20:55 | Create | Villager (Male) |
| 20:57 | Create | Villager (Male) |
| 21:02 | Create | Villager (Male) |
| 21:14 | Create | Villager (Male) |
| 21:16 | Create | Villager (Male) |
| 21:16 | Create | Villager (Male) |
| 21:22 | Create | Villager (Male) |
| 21:29 | Build | Town Center |
| 21:30 | Create | Villager (Male) |
| 21:42 | Create | Villager (Male) |
| 21:47 | Create | Villager (Male) |
| 21:51 | Build | Farm |
| 21:58 | Build | Farm |
| 21:59 | Build | Farm |
| 22:00 | Build | Farm |
| 22:00 | Create | Villager (Male) |
| 22:04 | Create | Villager (Male) |
| 22:13 | Create | Villager (Male) |
| 22:18 | Create | Villager (Male) |
| 22:29 | Create | Villager (Male) |
| 22:39 | Create | Villager (Male) |
| 22:44 | Create | Villager (Male) |
| 22:46 | Create | Villager (Male) |
| 22:52 | Build | House |
| 22:53 | Build | House |
| 23:00 | Research | Wheelbarrow |
| 23:19 | Build | Mill |
| 23:20 | Build | Farm |
| 23:21 | Build | Farm |
| 23:21 | Build | Farm |
| 23:21 | Build | Farm |
| 23:23 | Create | Villager (Male) |
Match timeline
| 0:44 | Aze · wall_segment Palisade Wall x10 |
| 1:11 | da.mighty.sloth · wall_segment Palisade Wall x9 |
| 1:16 | da.mighty.sloth · wall_segment Palisade Wall x6 |
| 1:36 | da.mighty.sloth · wall_segment Palisade Wall x7 |
| 1:43 | MZTK | Dazkarich · wall_segment Palisade Wall x8 |
| 1:51 | da.mighty.sloth · wall_segment Palisade Wall x4 |
| 1:56 | MZTK | Dazkarich · wall_segment Palisade Wall x1 |
| 1:57 | MZTK | Dazkarich · wall_segment Palisade Wall x1 |
| 3:18 | MZTK | Dazkarich · wall_segment Palisade Wall x1 |
| 3:20 | MZTK | Dazkarich · wall_segment Palisade Wall x1 |
| 3:21 | MZTK | Dazkarich · wall_segment Palisade Wall x1 |
| 3:39 | MZTK | Dazkarich · wall_segment Palisade Wall x1 |
| 3:42 | MZTK | Dazkarich · wall_segment Palisade Wall x1 |
| 3:43 | MZTK | Dazkarich · wall_segment Palisade Wall x1 |
| 3:43 | MZTK | Dazkarich · wall_segment Palisade Wall x1 |
| 3:44 | MZTK | Dazkarich · wall_segment Palisade Wall x1 |
| 3:45 | MZTK | Dazkarich · wall_segment Palisade Wall x1 |
| 3:45 | MZTK | Dazkarich · wall_segment Palisade Wall x1 |
| 3:46 | MZTK | Dazkarich · wall_segment Palisade Wall x1 |
| 3:47 | MZTK | Dazkarich · wall_segment Palisade Wall x1 |
| 3:47 | MZTK | Dazkarich · wall_segment Palisade Wall x1 |
| 4:40 | MZTK | Dazkarich · wall_segment Palisade Wall x1 |
| 4:43 | MZTK | Dazkarich · wall_segment Palisade Wall x1 |
| 5:04 | MZTK | Dazkarich · wall_segment Palisade Wall x4 |
| 8:33 | MZTK | Dazkarich · wall_segment Palisade Wall x12 |
| 9:29 | Der Genosse · age_up feudal |
| 9:51 | MZTK | Dazkarich · wall_segment Palisade Wall x7 |
| 10:30 | Macielinho · age_up feudal |
| 10:44 | iann254 · age_up feudal |
| 10:47 | MZTK | Dazkarich · wall_segment Palisade Wall x8 |
| 10:54 | Macielinho · wall_segment Stone Wall x5 |
| 10:55 | MZTK | Dazkarich · wall_segment Palisade Wall x1 |
| 11:01 | Der Genosse · first_building Siege Workshop |
| 11:05 | Andoras · age_up feudal |
| 11:15 | Aze · age_up feudal |
| 11:32 | Aze · wall_segment Stone Wall x7 |
| 11:34 | Aze · wall_segment Stone Wall x5 |
| 11:39 | Gavagai · age_up feudal |
| 12:18 | MZTK | Dazkarich · age_up feudal |
| 12:33 | Macielinho · first_market_sell 100 wood |
| 12:34 | da.mighty.sloth · age_up feudal |
| 12:34 | Gavagai · first_market_sell 100 stone |
| 12:46 | da.mighty.sloth · wall_segment Stone Wall x8 |
| 13:16 | MZTK | Dazkarich · wall_segment Stone Wall x4 |
| 13:20 | MZTK | Dazkarich · wall_segment Stone Wall x1 |
| 13:28 | MZTK | Dazkarich · wall_segment Stone Wall x1 |
| 14:39 | iann254 · age_up castle |
| 14:45 | Andoras · age_up castle |
| 14:47 | da.mighty.sloth · wall_segment Stone Wall x4 |
| 14:52 | da.mighty.sloth · wall_segment Stone Wall x5 |
| 14:54 | da.mighty.sloth · wall_segment Stone Wall x1 |
| 14:55 | da.mighty.sloth · wall_segment Stone Wall x1 |
| 15:14 | Macielinho · age_up castle |
| 15:15 | Gavagai · age_up castle |
| 15:18 | Macielinho · first_building Castle |
| 15:34 | Aze · age_up castle |
| 15:45 | MZTK | Dazkarich · wall_segment Stone Wall x6 |
| 15:52 | MZTK | Dazkarich · wall_segment Stone Wall x1 |
| 15:52 | MZTK | Dazkarich · wall_segment Stone Wall x1 |
| 16:27 | da.mighty.sloth · age_up castle |
| 18:45 | da.mighty.sloth · first_market_buy 100 food |
| 20:32 | Andoras · wall_segment Stone Wall x8 |
| 21:10 | da.mighty.sloth · wall_segment Stone Wall x11 |
| 21:19 | Andoras · wall_segment Stone Wall x3 |
| 22:11 | Andoras · first_market_buy 100 stone |
| 22:17 | Andoras · first_building Castle |
| 22:42 | Gavagai · wall_segment Stone Wall x8 |
| 22:51 | iann254 · first_building Siege Workshop |
| 22:55 | Gavagai · wall_segment Stone Wall x14 |
| 22:57 | Gavagai · wall_segment Stone Wall x5 |
| 23:35 | da.mighty.sloth · first_building Monastery |
| 23:46 | Andoras · first_building Barracks |
| 23:50 | Gavagai · first_building Monastery |
| 24:03 | iann254 · first_building Monastery |
| 24:12 | Gavagai · wall_segment Stone Wall x11 |
| 24:15 | Gavagai · wall_segment Stone Wall x3 |
| 24:17 | Gavagai · wall_segment Stone Wall x3 |
| 24:21 | Andoras · wall_segment Stone Wall x3 |
| 25:18 | Aze · first_building Castle |
| 25:21 | Gavagai · first_market_buy 100 stone |
| 25:24 | Andoras · first_market_sell 100 wood |
| 25:26 | Gavagai · first_building Castle |
| 25:33 | iann254 · first_building Barracks |
| 25:40 | Macielinho · first_market_buy 500 wood |
| 25:42 | iann254 · first_market_sell 100 food |
| 25:52 | Aze · first_building Monastery |
| 25:52 | da.mighty.sloth · first_building Barracks |
| 26:41 | da.mighty.sloth · first_building Stable |
| 26:47 | da.mighty.sloth · wall_segment Stone Wall x5 |
| 27:11 | da.mighty.sloth · first_market_sell 100 wood |
| 27:13 | Macielinho · wall_segment Stone Wall x16 |
| 27:14 | Gavagai · first_building Barracks |
| 27:32 | Aze · first_building Barracks |
| 27:43 | Andoras · first_building Monastery |
| 27:45 | Macielinho · wall_segment Stone Wall x12 |
| 27:54 | Macielinho · wall_segment Stone Wall x10 |
| 28:04 | Andoras · wall_segment Stone Wall x2 |
| 28:16 | Andoras · first_building Stable |
| 28:19 | Andoras · first_building Archery Range |
| 28:28 | Andoras · first_building Siege Workshop |
| 28:36 | Andoras · wall_segment Stone Wall x1 |
| 28:44 | da.mighty.sloth · first_building Castle |
| 28:54 | iann254 · age_up imperial |
| 28:59 | iann254 · first_building Castle |
| 29:12 | Gavagai · first_building Archery Range |
| 29:17 | Macielinho · wall_segment Stone Wall x1 |
| 29:39 | Macielinho · wall_segment Stone Wall x1 |
| 29:49 | Aze · age_up imperial |
| 29:53 | MZTK | Dazkarich · age_up castle |
| 29:55 | Aze · first_building Stable |
| 29:58 | Gavagai · age_up imperial |
| 30:04 | MZTK | Dazkarich · first_building Siege Workshop |
| 30:22 | da.mighty.sloth · age_up imperial |
| 30:35 | Macielinho · wall_segment Stone Wall x4 |
| 31:36 | iann254 · wall_segment Palisade Wall x4 |
| 31:44 | iann254 · wall_segment Stone Wall x8 |
| 32:08 | iann254 · first_building Archery Range |
| 32:47 | Andoras · resign |
| 33:49 | MZTK | Dazkarich · first_building Castle |
| 34:21 | Aze · wall_segment Stone Wall x7 |
| 34:24 | Aze · wall_segment Stone Wall x4 |
| 35:27 | Macielinho · first_building Monastery |
| 36:04 | Aze · first_market_sell 500 wood |
| 36:05 | Aze · first_market_buy 100 food |
| 36:26 | Macielinho · tribute_sent a jugador 1 |
| 36:26 | Macielinho · tribute_sent a jugador 2 |
| 36:26 | Macielinho · tribute_sent a jugador 3 |
| 36:26 | Macielinho · tribute_sent a jugador 5 |
| 36:26 | Macielinho · tribute_sent a jugador 6 |
| 36:26 | Macielinho · tribute_sent a jugador 7 |
| 36:26 | Macielinho · tribute_sent a jugador 8 |
| 36:50 | Macielinho · first_building Siege Workshop |
| 36:59 | da.mighty.sloth · first_building Archery Range |
| 37:16 | Macielinho · first_building Barracks |
| 37:52 | Macielinho · tribute_sent a jugador 1 |
| 37:52 | Macielinho · tribute_sent a jugador 2 |
| 37:52 | Macielinho · tribute_sent a jugador 3 |
| 37:52 | Macielinho · tribute_sent a jugador 5 |
| 37:52 | Macielinho · tribute_sent a jugador 6 |
| 37:52 | Macielinho · tribute_sent a jugador 7 |
| 37:52 | Macielinho · tribute_sent a jugador 8 |
| 38:03 | Macielinho · first_building Stable |
| 38:59 | Macielinho · age_up imperial |
| 39:57 | MZTK | Dazkarich · first_building Monastery |
[ AI ANALYSIS · 1 CREDIT ]
What really happened in this match?
Wolo.gg analyzes every decision: build order, eco, micro, common mistakes by bracket. Personalized analysis on WhatsApp or Discord in 30 seconds.
Civ guide
Mapuche
Perfil
Jugador #3433290